 Seeded DCSS version 0.31-a0-496-g6f97920a28 (webtiles) character file.

Game seed: 7415222406553760909 (custom seed)

5 innerfire43 the Trooper (level 1, 0/18 HPs)
             Began as a Demonspawn Monk on Aug 8, 2023.
             Slain by a jackal (1 damage)
             ... on level 1 of the Dungeon.
             The game lasted 00:00:31 (50 turns).

innerfire43 the Trooper (Demonspawn Monk)             Turns: 50, Time: 00:00:32

Health: 0/18       AC:  2    Str: 11    XL:     1   Next: 66%
Magic:  1/1        EV: 13    Int: 11    God:
Gold:   17         SH:  0    Dex: 15    Spells: 0/0 levels left

rFire   . . .        a - +0 spear
rCold   . . .        d - orb {light}
rNeg    . . .        b - +0 robe
rPois   .            (no helmet)
rElec   .            (no cloak)
rCorr   .            (no gloves)
SInv    .            (no boots)
Will    .....        (no amulet)
Stlth   +            (no ring)
HPRegen 0.23/turn    (no ring)
MPRegen 0.07/turn

%: no passive effects
@: glowing
A: no striking features
a: no special abilities


You were on level 1 of the Dungeon.
You visited 1 branch of the dungeon, and saw 1 of its levels.

You collected 17 gold pieces.

Inventory:

Hand Weapons
 a - a +0 spear (weapon)
Armour
 b - a +0 robe (worn)
 d - an orb of light (worn)
Jewellery
 e - a ring of wizardry
Potions
 c - a potion of ambrosia
 f - a potion of curing {unknown}


   Skills:
 + Level 3.0 Fighting
 + Level 2.7 Polearms
 + Level 2.7 Dodging
 * Level 0.2 Spellcasting
 * Level 0.2 Transmutations
 * Level 0.5 Invocations
 * Level 0.1 Shapeshifting


You couldn't memorise any spells.
You didn't know any spells.
Your spell library was empty.

Dungeon Overview and Level Annotations

Branches:
Dungeon (1/15)

Altars:


Message History

The jackal bites you but does no damage.
The quokka closely misses you.
You barely miss the jackal. The jackal completely misses you.
The quokka completely misses you.
You hit the jackal.
The jackal is severely wounded.
The jackal misses you. The jackal closely misses you. The quokka misses you.
The jackal closely misses you. x2
You hit the jackal.
The jackal is almost dead.
A giant cockroach comes into view.
The quokka bites you. The jackal barely misses you. x2
You hit the jackal but do no damage.
The jackal is almost dead.
A bat comes into view.
A giant cockroach comes into view.
The quokka closely misses you.
The jackal bites you but does no damage.
The jackal barely misses you.
The bat moves out of view.
You hit the jackal.
You kill the jackal!
The jackal completely misses you.
The quokka bites you but does no damage.
A rat comes into view. x2
You hit the hobgoblin but do no damage. The jackal misses you.
The quokka bites you but does no damage.
The hobgoblin closely misses you. The jackal closely misses you.
The quokka bites you. The jackal closely misses you. The hobgoblin hits you.
A ball python comes into view.
The jackal attacks as you move away! The jackal misses you.
The quokka attacks as you move away! The quokka bites you.
The ball python hisses angrily.
The hobgoblin hits you.
* * * LOW HITPOINT WARNING * * *
The jackal bites you.
* * * LOW HITPOINT WARNING * * *
You see here 15 gold pieces.
The hobgoblin attacks as you move away! The hobgoblin barely misses you.
The jackal attacks as you move away! The jackal bites you.
You die...

.... #####.##..
..#.####.#<#.##.
......#..###.### ##b
#..#.....##.#. ### #..
###.#....#.#. .... #.#
##.....#..... .....
#.####...#........
)....##............#...†
...r.B.@.......#####....
#....#ghr..r.....# #....
......B.......)...###.##
.........####S.#..##...
......>.## #..######.#
.....>..# #..# ..
........# #.## #
...###### ... ..#


You could see a quokka, a jackal, 2 giant cockroaches, a hobgoblin, a bat
(wandering), a ball python and 2 rats.

Vanquished Creatures
  A bat (D:1)
  A goblin (D:1)
  2 jackals (D:1)
4 creatures vanquished.

Notes
Turn   | Place    | Note
-------+----------+-------------------------------------------
     0 | D:1      | innerfire43 the Demonspawn Monk began the quest for the
                  | Orb.
     0 | D:1      | Reached XP level 1. HP: 18/18 MP: 1/1
    50 | D:1      | Slain by a jackal

Illustrated notes

Levels and vault maps discovered:
D:1:      spicycebolla_green_bress_n_ham_2, layout_rooms, serial_shops, shop,
          minmay_misc_feat_hallway

Action                     || total
---------------------------++-------
  Melee: Spear             ||    14
 Armour: Robe              ||     6
  Dodge: Dodged            ||    22

Table legend: (Time is in decaauts)
 A = Elapsed time spent in this place.
 B = Non-inter-level travel time spent in this place.
 C = Inter-level travel time spent in this place.
 D = Time resting spent in this place.
 E = Time spent auto-exploring this place.
 F = Levels seen in this place.
 G = Mean time per level.
                   A        B        C        D        E       F      G
               +--------+--------+--------+--------+--------+-----+--------+
         Total |     49 |     49 |      0 |      0 |     23 |   1 |   49.0 |
       Dungeon |     49 |     49 |      0 |      0 |     23 |   1 |   49.0 |
               +--------+--------+--------+--------+--------+-----+--------+

Top non-repeatable levels by time:
     D:1: 49 daAuts
